 Dungeon Crawl Stone Soup version 0.19.0-22-gd96e5fe (webtiles) character file.

82 Monsterracer the Firebug (level 4, 0/24 HPs)
             Began as a Deep Elf Fire Elementalist on Nov 19, 2016.
             Succumbed to Ijyb's poison
             ... on level 2 of the Dungeon.
             The game lasted 00:03:13 (1573 turns).

Monsterracer the Firebug (DEFE)                     Turns: 1573, Time: 00:03:14

Health: 0/24       AC:  2    Str:  3 (5)  XL:     4   Next: 21%
Magic:  0/10       EV: 13    Int: 18 (21) God:
Gold:   92         SH:  0    Dex: 15      Spells: 2 memorised, 5 levels left

rFire  . . .     SeeInvis .     d - +0 short sword
rCold  . . .     Gourm    .     a - +0 robe
rNeg   + . .     Faith    .     (no shield)
rPois  .         Spirit   .     (no helmet)
rElec  .         Reflect  .     (no cloak)
rCorr  .         Harm     .     (no gloves)
MR     +....                    (no boots)
Stlth  ++........               (no amulet)
                                j - ring of positive energy
                                g - ring of protection from magic

@: lethally poisoned (0 -> -25)
A: no striking features
a: no special abilities


You were on level 2 of the Dungeon.
You were not hungry.

You visited 1 branch of the dungeon, and saw 2 of its levels.

You collected 92 gold pieces.

Inventory:

Hand Weapons
 d - a +0 short sword (weapon)
Armour
 a - a +0 robe (worn)
Jewellery
 g - a ring of protection from magic (left hand)
 j - a ring of positive energy (right hand)
Scrolls
 h - a scroll of recharging {unknown}
Potions
 e - a potion of flight
Books
 b - a book of Flames

   Spells                             Type                      Level
   a - Flame Tongue                   Conjuration/Fire             1
   b - Throw Flame                    Conjuration/Fire             2
   c - Conjure Flame                  Conjuration/Fire             3
   d - Inner Flame                    Hexes/Fire                   3
   e - Sticky Flame                   Conjuration/Fire             4
   f - Fireball                       Conjuration/Fire             5
Comestibles
 c - 2 bread rations
 f - a meat ration
 i - 2 chunks of flesh


   Skills:
 - Level 2.4 Dodging
 - Level 2.4 Stealth
 - Level 3.0 Spellcasting
 + Level 3.2 Conjurations
 + Level 4.5 Fire Magic


You had 5 spell levels left.
You knew the following spells:

 Your Spells              Type           Power        Failure   Level  Hunger
a - Flame Tongue          Conj/Fire      ###..        3%          1    None
b - Conjure Flame         Conj/Fire      ###.....     12%         3    ###....


Dungeon Overview and Level Annotations

Branches:
Dungeon (2/15)

Altars:


Message History

Ijyb is almost dead.
You feel sick. The bat closely misses you.
Ijyb hits you with a dagger of venom.
* * * LOW HITPOINT WARNING * * *
You are more poisoned.
You hit Ijyb.
Ijyb is almost dead.
* * * LOW HITPOINT WARNING * * *
You feel very sick. The bat barely misses you. Ijyb closely misses you.
Casting: Flame Tongue
Confirm with . or Enter, or press ? or * to list all spells.
You don't have enough magic to cast that spell.
You hit Ijyb.
You kill Ijyb!
You feel your dexterity returning.
Your Conjurations skill increases to level 3!
You have reached level 4!
You feel clever.
You die...

#.......#...##.## ####.#
#...........##.########..
#........#..##........#..
#........#..##..#####.#..
#........#..##..#..##.#.#
#####'#b....##..#..##.#.#
#.#..#..............#
#...........#.###.###
#######@########.# #^...
.......)..# #.# #####
####.............#
#.##.#.#....... #.
..#...#.#### # ..#.### #
.#.# # .#.# ###.#


You could see a bat.

Vanquished Creatures
  Ijyb (D:2)
  An adder (D:2)
  An ooze (D:1)
  A worm (D:2)
  2 dart slugs (D:1)
  A leopard gecko (D:1)
  6 goblins (D:1)
  6 hobgoblins (D:1)
  2 quokkas (D:2)
  7 frilled lizards
  5 kobolds
  2 rats (D:1)
35 creatures vanquished.

Notes
Turn   | Place    | Note
-------+----------+-------------------------------------------
     0 | D:1      | Monsterracer the Deep Elf Fire Elementalist began the quest for the Orb.
     0 | D:1      | Reached XP level 1. HP: 10/10 MP: 6/6
   310 | D:1      | Reached XP level 2. HP: 15/15 MP: 5/8
   862 | D:1      | Reached skill level 4 in Fire Magic
   862 | D:1      | Reached XP level 3. HP: 19/19 MP: 6/9
   964 | D:1      | Learned a level 3 spell: Conjure Flame
  1557 | D:2      | Noticed Ijyb
  1573 | D:2      | Killed Ijyb
  1573 | D:2      | Reached XP level 4. HP: 2/24 MP: 0/10
  1573 | D:2      | Succumbed to Ijyb's poison

Skill      XL: |  1  2  3 |
---------------+----------+-----
Conjurations   | 2 3 |  3.2
Fire Magic     | 4 |  4.5
Dodging        | |  2.4
Stealth        | |  2.4
Spellcasting   | |  3.0

Action                   |  1- 3 |  4- 6 || total
-------------------------+-------+-------++-------
Melee: Short sword       |     3 |       ||     3
 Cast: Flame Tongue      |    62 |       ||    62
  Use: Potion            |     2 |       ||     2
  Eat: Chunk             |     2 |       ||     2
Armor: Robe              |     6 |       ||     6
Dodge: Dodged            |    21 |       ||    21
